 Dungeon Crawl Stone Soup version 0.23.2-1-ga50397a (webtiles) character file.

Game seed: 11125290022161634962

51 night the Cudgeler (level 3, -3/23 HPs)
             Began as a Gargoyle Monk on Apr 17, 2019.
             Slain by a worm (8 damage)
             ... on level 2 of the Dungeon.
             The game lasted 00:02:11 (1087 turns).

night the Cudgeler (Gargoyle Monk)                  Turns: 1087, Time: 00:02:12

Health: -3/23      AC:  5    Str: 14    XL:     3   Next: 81%
Magic:  3/3        EV: 12    Int: 11    God:
Gold:   45         SH:  3    Dex: 12    Spells: 2/2 levels left

rFire    . . .     SeeInvis .   b - +2 whip (venom)
rCold    . . .     Gourm    .   n - +0 buckler
rNeg     + . .     Faith    .   f - +0 robe
rPois    ∞         Spirit   .   (no helmet)
rElec    +         Reflect  .   (no cloak)
rCorr    .         Harm     .   (no gloves)
MR       .....                  (no boots)
Stlth    ++........             (no amulet)
HPRegen  0.07/turn              l - ring of flight
MPRegen  0.08/turn              (no ring)

@: no status effects
A: negative energy resistance 1, electricity resistance, unbreathing,
petrification resistance, rot immunity, AC +3
a: Evoke Flight


You were on level 2 of the Dungeon.
You were hungry.

You visited 1 branch of the dungeon, and saw 2 of its levels.

You collected 45 gold pieces.

Inventory:

Hand Weapons
 a - a +0 mace
 b - a +2 whip of venom (weapon)
Missiles
 d - 28 sling bullets
 i - 27 arrows
Armour
 f - a +0 robe (worn)
 n - a +0 buckler (worn)
 o - a +0 shield
Jewellery
 l - a ring of flight (left hand)
Scrolls
 e - a scroll of blinking {unknown}
 g - a scroll of remove curse {unknown}
 h - 3 scrolls of teleportation {unknown}
 j - 2 scrolls of identify {unknown}
 k - a scroll of enchant weapon {unknown}
 m - 2 scrolls of fog {unknown}
Potions
 p - a potion of curing {unknown}
 q - a potion of heal wounds {unknown}
Comestibles
 c - 3 rations


   Skills:
 - Level 3.2 Fighting
 * Level 4.4 Maces & Flails
 - Level 2.4 Dodging
 - Level 2.1 Stealth
 + Level 1.0 Shields


You had 2 spell levels left.
You didn't know any spells.
Your spell library was empty.

Dungeon Overview and Level Annotations

Branches:
Dungeon (2/15)

Altars:


Innate Abilities, Weirdness & Mutations

You are resistant to torment.
Your stone body is resilient. (AC +3)
You are immune to poison.
You resist negative energy. (rN+)
You are resistant to electric shocks. (rElec)
You can survive without breathing.
You are immune to petrification.
You are immune to rotting.


Message History

b - a +2 whip of venom (weapon)
The bat closely misses you. The bat misses you.
You whack the bat!
You kill the bat!
You barely miss the worm.
The worm is lightly wounded.
You barely miss the worm.
The worm is lightly wounded.
The worm bites you.
* * * LOW HITPOINT WARNING * * *
You hit the worm.
The worm is poisoned.
The worm is moderately wounded.
The worm barely misses you.
You hit the worm.
The worm is heavily wounded.
You hit the worm.
The worm looks as sick as possible!
The worm is severely wounded.
The worm bites you!
You die...

#. ...# ##........ ##. #..#
#......... .... .....###.........
.... #...##.#.. ...........
...##......##.. #.........
......##..# #.##.........
#....###..###........?...
####.....#.@w..###..........
######..........###......#.#(....
...<##.......#..####.....#.#...?.
.......................###.......
.........))................#.#...
........................##.......
...............#........###...###
...............##.......#........
.........>.....##................


You could see a worm.

Vanquished Creatures
  2 adders (D:2)
  A dart slug (D:1)
  A leopard gecko (D:1)
  6 goblins
  2 hobgoblins (D:1)
  2 kobolds
  A ball python (D:2)
  8 bats
  A frilled lizard (D:1)
  8 rats
32 creatures vanquished.

Notes
Turn   | Place    | Note
-------+----------+-------------------------------------------
     0 | D:1      | night the Gargoyle Monk began the quest for the Orb.
     0 | D:1      | Reached XP level 1. HP: 14/14 MP: 1/1
   161 | D:1      | Reached XP level 2. HP: 19/19 MP: 2/2
   417 | D:1      | Reached skill level 4 in Maces & Flails
   677 | D:1      | Reached XP level 3. HP: 23/23 MP: 3/3
  1041 | D:2      | Reached skill level 1 in Shields
  1087 | D:2      | Slain by a worm

Skill      XL: |  1  2  3 |
---------------+----------+-----
Maces & Flails | 4 |  4.4
Shields        | 1 |  1.0
Fighting       | |  3.2
Dodging        | |  2.4
Stealth        | |  2.1

Action                   || total
-------------------------++-------
Melee: Mace              ||    47
       Whip              ||    36
 Stab: Sleeping          ||     3
Armor: Robe              ||    22
Dodge: Dodged            ||    52
Block: Buckler           ||     3
